 Dungeon Crawl Stone Soup version 0.20-a0-438-g3bc703b (webtiles) character file.

426 Asddderdsw the Sneak (level 6, -6/30 HPs)
             Began as a Vine Stalker Enchanter on Jan 5, 2017.
             Mangled by Duvessa
             ... wielding a +0 short sword
              (10 damage)
             ... on level 4 of the Dungeon.
             The game lasted 00:59:15 (3574 turns).

Asddderdsw the Sneak (Vine Stalker Enchanter)       Turns: 3574, Time: 00:59:16

Health: -6/30      AC:  2    Str: 10    XL:     6   Next: 97%
Magic:  0/11       EV: 18    Int: 17    God:
Gold:   170        SH:  0    Dex: 20    Spells: 4/11 levels left

rFire  . . .     SeeInvis .     E - +3 short sword
rCold  . . .     Gourm    .     b - +0 robe
rNeg   . . .     Faith    .     (no shield)
rPois  .         Spirit   +     (no helmet)
rElec  .         Reflect  .     (no cloak)
rCorr  .         Harm     .     (no gloves)
MR     .....                    (no boots)
Stlth  ++++......               (no amulet)
                                (no ring)
                                (no ring)

@: agile
A: fangs 2, regeneration 1, magic shield, antimagic bite, no potion heal 3, rot
immunity
a: no special abilities


You were on level 4 of the Dungeon.
You were hungry.

You visited 1 branch of the dungeon, and saw 5 of its levels.

You collected 170 gold pieces.

Inventory:

Hand Weapons
 a - a +2 dagger
 f - a +0 flail
 h - a +0 hunting sling
 j - a +1 hand axe of flaming
 l - a +0 short sword of holy wrath
 m - a +0 spear
 q - a +2 mace of protection
 E - a +3 short sword (weapon)
Missiles
 n - 7 javelins (quivered)
 p - 48 sling bullets
 t - 4 tomahawks
Armour
 b - a +0 robe (worn)
 g - a +0 robe
 B - a +0 cloak
Jewellery
 e - an uncursed ring of ice
Wands
 w - a wand of iceblast (5/15)
Scrolls
 i - 4 scrolls of noise {unknown}
 o - a scroll of amnesia
 r - 2 scrolls of fog {unknown}
 u - 2 scrolls of magic mapping {unknown}
 y - a scroll of enchant armour {unknown}
 z - a scroll of fear {unknown}
 D - a scroll of remove curse {unknown}
Potions
 s - 2 potions of flight
Books
 c - a book of Maledictions

   Spells                             Type                      Level
   a - Corona                         Hexes                        1
   b - Ensorcelled Hibernation        Hexes/Ice                    2
   c - Confuse                        Hexes                        3
   d - Tukima's Dance                 Hexes                        3
   e - Dazzling Spray                 Conjuration/Hexes            3
 x - a book of Cantrips

   Spells                             Type                      Level
   a - Confusing Touch                Hexes                        1
   b - Animate Skeleton               Necromancy                   1
   c - Summon Small Mammal            Summoning                    1
   d - Apportation                    Translocation                1
Comestibles
 d - 6 bread rations
 k - a chunk of flesh
 v - 4 fruits
 C - a slice of pizza


   Skills:
 + Level 1.3 Fighting
 + Level 1.9 Short Blades
 + Level 2.1 Maces & Flails
 + Level 0.1 Throwing
 + Level 0.1 Armour
 + Level 2.7 Dodging
 + Level 5.3 Stealth
 + Level 3.1 Spellcasting
 + Level 4.2 Hexes
 + Level 0.8 Ice Magic


You had 4 spell levels left.
You knew the following spells:

 Your Spells              Type           Power        Failure   Level  Hunger
a - Corona                Hex            ###....      3%          1    None
b - Ensorcelled Hibernat  Hex/Ice        ##....       12%         2    ##.....
c - Tukima's Dance        Hex            ###.....     12%         3    ###....
d - Apportation           Tloc           #.........   21%         1    None


Dungeon Overview and Level Annotations

Branches:
Dungeon (5/15)
 Temple: D:4-7

Altars:
Hepliaklqana
Okawaru
Trog

Annotations:
D:4 Dowan, Duvessa


Innate Abilities, Weirdness & Mutations

You have extremely sharp teeth.
Your natural rate of healing is unusually fast.
When hurt, damage is shared between your health and your magic reserves.
Your bite disrupts and absorbs the magic of your enemies.
Potions cannot restore your health.
You are immune to rotting.


Message History

Duvessa barely misses you. Duvessa barely misses you.
Duvessa barely misses you.
Casting: Tukima's Dance
Confirm with . or Enter, or press ? or * to list all spells.
Aiming: Apportation
Press: ? - help, Dir - move target cursor, f - you, p - Duvessa
Okay, then.
Casting: Apportation
Confirm with . or Enter, or press ? or * to list all spells.
Okay, then.
Casting: Apportation
Confirm with . or Enter, or press ? or * to list all spells.
Aiming: Ensorcelled Hibernation
Press: ? - help, Shift-Dir - straight line, f/p - Duvessa
Aim: Duvessa, wielding a short sword and wearing a scale mail (fast, chance to defeat MR: 26%) Duvessa resists with almost no effort.
You are feeling hungry.
Duvessa hits you with a short sword!
You die...

####+##........................#
......#...................>....#
......#........................#
......#..<.....................#
####.##........................##
####.#.....#########.....##'####.
#....#.....#.......#.....'..#....
'....#.....#.......#.....#..#....
#....#.....#....@e.#.....#..#....
###........######e.#[....#..#....
#....####### ##..#.....#..#....
+....# #...#.....#..####. #....#
#...'.....#..####. #....#
#######'#.....#....... .....#
..............#....... .....#
..............#....... .....#
..............#.......


You could see Duvessa and Dowan.

Vanquished Creatures
  A hound (D:4)
  2 orc priests (D:4)
  4 orc wizards (D:4)
  A centaur skeleton (D:4)
  Natasha (thrice) (D:4)
  6 adders
  4 worms
  The ghost of Asddderdsw the Firebug, a weakling DrFE (D:4)
  A dart slug (D:1)
  A leopard gecko (D:1)
  10 orcs
  6 giant cockroaches
  4 goblins
  5 hobgoblins
  4 jackals
  A ball python (D:2)
  5 bats
  A frilled lizard (D:2)
  8 kobolds
  5 rats
73 creatures vanquished.

Vanquished Creatures (collateral kills)
  An orc priest (D:4)
  2 orcs
3 creatures vanquished.

Vanquished Creatures (others)
  A dancing weapon (D:4)
1 creature vanquished.

Grand Total: 77 creatures vanquished

Notes
Turn   | Place    | Note
-------+----------+-------------------------------------------
     0 | D:1      | Asddderdsw the Vine Stalker Enchanter began the quest for the Orb.
     0 | D:1      | Reached XP level 1. HP: 9/9 MP: 4/4
   121 | D:1      | Reached skill level 1 in Short Blades
   309 | D:2      | Found a bloodstained altar of Trog.
   311 | D:2      | Reached skill level 4 in Stealth
   311 | D:2      | Reached XP level 2. HP: 4/13 MP: 3/6
   449 | D:1      | Learned a level 2 spell: Ensorcelled Hibernation
   845 | D:1      | Reached XP level 3. HP: 13/16 MP: 4/7
  1586 | D:2      | Gained mutation: Your natural rate of healing is unusually fast. [Vine Stalker growth]
  1586 | D:2      | Reached XP level 4. HP: 19/21 MP: 5/8
  1599 | D:2      | Learned a level 3 spell: Tukima's Dance
  2030 | D:3      | Found an iron altar of Okawaru.
  2579 | D:4      | Learned a level 1 spell: Apportation
  2635 | D:4      | Found a hazy altar of Hepliaklqana.
  2640 | D:4      | Noticed Asddderdsw's ghost (weakling DrFE)
  2678 | D:4      | Reached skill level 1 in Maces & Flails
  2678 | D:4      | Reached XP level 5. HP: 9/25 MP: 2/9
  2709 | D:4      | Killed Asddderdsw's ghost
  2961 | D:4      | Noticed Natasha
  2969 | D:4      | Killed Natasha
  3022 | D:4      | Noticed Natasha
  3033 | D:4      | Killed Natasha
  3079 | D:4      | Reached skill level 1 in Fighting
  3079 | D:4      | Reached skill level 5 in Stealth
  3079 | D:4      | Reached XP level 6. HP: 24/30 MP: 6/11
  3363 | D:4      | Noticed Natasha
  3380 | D:4      | Killed Natasha
  3479 | D:5      | Entered Level 5 of the Dungeon
  3555 | D:4      | Noticed Duvessa
  3555 | D:4      | Noticed Dowan
  3574 | D:4      | Mangled by Duvessa

Vault maps used:
D:1:      eino_arrival_cavern_b
D:2:      serial_bayou_pond_d, trog_three_pillars_becter
D:3:      lemuel_round_altar, first_bread
D:4:      lemuel_crystal_altar, uniq_natasha, uniq_duvessa
D:5:      lemuel_coloured_pillars_altar, gup_ossuary_entry_pyramid

Skill      XL: |  1  2  3  4  5  6 |
---------------+-------------------+-----
Short Blades   | 1 |  1.9
Stealth        | 4 5 |  5.3
Dodging        | 2 |  2.7
Maces & Flails | 1 2 |  2.1
Spellcasting   | 3 |  3.1
Fighting       | 1 |  1.3
Hexes          | 4 |  4.2
Throwing       | |  0.1
Armour         | |  0.1
Ice Magic      | |  0.8

Action                   |  1- 3 |  4- 6 || total
-------------------------+-------+-------++-------
Melee: Dagger            |    82 |       ||    82
       Bite              |     8 |    29 ||    37
       Mace              |     9 |    98 ||   107
       Short sword       |       |    42 ||    42
Throw: Javelin           |       |     4 ||     4
       Stone             |       |     2 ||     2
 Cast: Corona            |     5 |    10 ||    15
       Ensorcelled Hiber |    12 |     6 ||    18
       Tukima's Dance    |       |    13 ||    13
  Use: Scroll            |     3 |     5 ||     8
       Potion            |       |     2 ||     2
 Stab: Sleeping          |    12 |     4 ||    16
       Distracted        |       |     1 ||     1
  Eat: Chunk             |     2 |     6 ||     8
       Pizza             |       |     1 ||     1
       Beef jerky        |       |     1 ||     1
Armor: Robe              |    15 |    31 ||    46
       Chain mail        |     6 |       ||     6
Dodge: Dodged            |    60 |   120 ||   180
